 Dungeon Crawl Stone Soup version 0.17.1-3-g152610e (webtiles) character file.

30 ololoev the Skirmisher (level 3, -1/29 HPs)
             Began as a Demonspawn Fighter on Feb 17, 2016.
             Killed by nerve-wracking pain
             ... invoked by an orc priest
              (8 damage)
             ... on level 3 of the Dungeon.
             The game lasted 00:03:27 (360 turns).

ololoev the Skirmisher (Demonspawn Fighter)          Turns: 360, Time: 00:03:27

Health: -1/29      AC:  7    Str: 21    XL:     3   Next: 5%
Magic:  3/3        EV:  9    Int:  9    God:
Gold:   26         SH:  0    Dex: 12    Spells: 0 memorised, 2 levels left

rFire  . . .     SeeInvis .     a - +0 war axe
rCold  . . .     Clarity  .     b - +0 scale mail
rNeg   . . .     SustAt   .     (no shield)
rPois  .         Gourm    .     h - +0 helmet
rElec  .         Spirit   .     (no cloak)
rCorr  .         Warding  .     (no gloves)
rMut   .         Stasis   .     (no boots)
MR     .....                    (no amulet)
Stlth  +.........               (no ring)
                                j - ring of wizardry

@: short of breath, not resistant to hostile enchantments, very unstealthy
A: breathe flames 1, nightstalker 1, spiny 1, strong 2
a: Breathe Fire


Innate Abilities, Weirdness & Mutations

You are slightly more attuned to the shadows.
You are partially covered in sharp spines.
You can breathe flames.
Your muscles are very strong. (Str +4)

Inventory:

Hand Weapons
 a - a +0 war axe (weapon)
Armour
 b - a +0 scale mail (worn)
 h - a +0 helmet (worn)
Jewellery
 j - a ring of wizardry (left hand)
Scrolls
 f - a scroll of enchant armour {unknown}
Comestibles
 e - 2 bread rations
 i - a slice of pizza


   Skills:
 - Level 3.0 Fighting
 * Level 2.9 Axes
 + Level 3.0 Armour
   Level 2.6 Shields


You had 2 spell levels left.
You didn't know any spells.


You were on level 3 of the Dungeon.
You were not hungry.

You visited 1 branch of the dungeon, and saw 3 of its levels.

You collected 26 gold pieces.

#####.##.# #...... ...).
..#
.[.......###.##.#####..#
###
#####.##....†.........<#
#.##.##........##..#
#.##.##..##.##. #..#
.............# #..#
.........##>.# ##..#
#..##.###.##..#.....#
#..##.# .#.#.@ow....# .
.# #..oo.....# ##
#.##....... ... .>......
.## #......# #.....##
###..##

Notes
Turn   | Place    | Note
--------------------------------------------------------------
     0 | D:1      | ololoev the Demonspawn Fighter began the quest for the Orb.
     0 | D:1      | Reached XP level 1. HP: 18/18 MP: 1/1
   141 | D:3      | Gained mutation: You are slightly more attuned to the shadows. [demonic ancestry]
   141 | D:3      | Reached XP level 2. HP: 21/24 MP: 2/2
   310 | D:3      | Gained mutation: You can breathe flames. [potion of mutation]
   310 | D:3      | Gained mutation: Your muscles are strong. (Str +2) [potion of mutation]
   310 | D:3      | Gained mutation: Your muscles are very strong. (Str +4) [potion of mutation]
   350 | D:3      | Gained mutation: You are partially covered in sharp spines. [demonic ancestry]
   350 | D:3      | Reached XP level 3. HP: 24/29 MP: 3/3
   354 | D:3      | Noticed an orc priest
   360 | D:3      | Killed from afar by an orc priest

Dungeon Overview and Level Annotations

Branches:
Dungeon (3/15)

Altars:


Message History

The orc shouts!
The orc priest shouts!
There is a stone staircase leading down here.
Use which ability? (? or * to list)
Press: ? - help, Shift-Dir - straight line, f - orc priest
Aim: an orc priest, wielding a mace You breathe a blast of fire.
The fiery breath hits the orc.
You kill the orc!
The fiery breath hits the orc priest.
The orc priest is severely wounded.
You feel somewhat more hungry.
Unknown command.
The orc priest calls down the wrath of Beogh upon you.
Something smites you!
An orc comes into view. It is wielding a hand axe.
The orc is struck by your spines. The orc closely misses you.
You closely miss the orc priest.
The orc priest is severely wounded.
You hit the orc.
The orc is severely wounded.
The orc hits you.
The orc priest looks braver for a moment.
Unknown command.
You closely miss the orc priest.
The orc priest is severely wounded.
You hit the orc but do no damage.
The orc is severely wounded.
The orc barely misses you. The orc priest hits you with a mace.
The orc hits you.
Unknown command.
You hit the orc priest.
The orc priest is severely wounded.
You barely miss the orc.
The orc is severely wounded.
You barely miss the orc.
The orc priest calls upon Beogh to heal the orc.
The orc is healed somewhat.
The orc hits you with a hand axe. The orc is struck by your spines.
The orc closely misses you.
The orc priest mumbles some strange prayers to Beogh against you.
Pain shoots through your body!
You die...

You could see a worm, an orc priest and 2 orcs.

Vanquished Creatures
  2 adders (D:3)
  An orc (D:3)
  A hobgoblin (D:3)
  A ball python (D:3)
  A giant cockroach (D:2)
  2 giant newts (D:3)
  2 goblins (D:3)
  4 rats
14 creatures vanquished.

Action                   || total
-------------------------++-------
Melee: War axe           ||    38
 Abil: Breathe Fire      ||     1
  Use: Potion            ||     4

Vault maps used:
D:1:      tarquinn_simple_flora_water_c
D:2:      ecumenical_altar_1, minmay_statues_item,
          nicolae_dithmenos_shadow_blocks
